Cogmind - Beta 13 @@@ ROGUE MODE // 2024.04.15 @ 20:43:06 Player: Cherman0 Result: Destroyed by D-53 Grenadier with Mini Grenade Launcher Performance ------------- Evolutions (0) 0 Regions Visited (2) 400 Robots Destroyed (32) 160 Value Destroyed (521) 521 Prototype IDs (6) 120 Alien Tech Used (0) 0 Bonus (0) 0 TOTAL SCORE: 1201 Bonus ------- None Cogmind --------- Core Integrity 0/250 Matter 213/300 Energy 104/125 System Corruption 5% Temperature Cool (0) Movement Treading (320) Ox2 Location -10/Mines Parts ------- > --- POWER (1) -------- Light Ion Engine > --- PROPULSION (2) --- Light Treads Light Treads > --- UTILITY (2) ------ Huge Storage Unit Seismic Detector > --- WEAPON (2) ------- Grenade Launcher Mining Laser > --- INVENTORY (25) --- Light Ion Engine Light Treads Light Treads Disposable Heat Sink Disposable Heat Sink Disposable Heat Sink Disposable Heat Sink Large Battery (200) Large Matter Pod (150) Improved Terrain Scanner Seismic Detector Targeting Computer Tractor Beam Improved Medium Laser Improved Medium Laser Improved Medium Laser Improved Medium Laser Grenade Launcher Grenade Launcher Grenade Launcher Plasma Cutter Peak State ------------ > --- POWER ------------ Light Ion Engine > --- PROPULSION ------- Light Treads Light Treads > --- UTILITY ---------- Disposable Heat Sink Huge Storage Unit > --- WEAPON ----------- Improved Medium Laser Improved Medium Laser > --- INVENTORY -------- Light Ion Engine Light Treads Light Treads Disposable Heat Sink Disposable Heat Sink Disposable Heat Sink Improved Terrain Scanner Seismic Detector Targeting Computer Tractor Beam Improved Medium Laser Improved Medium Laser Grenade Launcher Plasma Cutter [Rating: 14] Favorites ----------- Power Ion Engine Engine Ion Engine Propulsion Light Treads Treads Light Treads Leg Aluminum Leg Utility Seismic Detector Device Seismic Detector Storage Huge Storage Unit Weapon Improved Medium Laser Energy Gun Improved Medium Laser Ballistic Gun Assault Rifle Launcher Grenade Launcher Special Weapon Mining Laser Build | -11 -10 -10 ------- Run | Yrd Mat Min Slots Evolved . | . . . Power . | . . . Propulsion . | . . . Utility . | . . . Weapon . | . . . Parts Attached 34 | 3 15 16 Power 4 | . 2 2 Engine 4 | . 2 2 Core . | . . . Reactor . | . . . Propulsion 3 | 2 . 1 Treads 3 | 2 . 1 Leg . | . . . Wheel . | . . . Hover . | . . . Flight . | . . . Utility 8 | 1 5 2 Device 6 | 1 3 2 Storage 2 | . 2 . Processor . | . . . Hackware . | . . . Protection . | . . . Artifact . | . . . Weapon 19 | . 8 11 Energy Gun 8 | . 3 5 Energy Cannon . | . . . Ballistic Gun 1 | . 1 . Ballistic Cannon . | . . . Launcher 9 | . 4 5 Special Weapon 1 | . . 1 Impact Weapon . | . . . Slashing Weapon . | . . . Piercing Weapon . | . . . Special Melee Weapon . | . . . Unidentified Prototypes 1 | . 1 . Parts Lost 3 | . . 3 Power 2 | . . 2 Propulsion 1 | . . 1 Utility . | . . . Weapon . | . . . Highest Loss Streak 2 | . . 2 To Critical Strikes . | . . . Average Slot Usage (%) 99 | . 99 99 Engine 13 | . 14 13 Treads 28 | . 28 28 Device 14 | . 14 14 Storage 14 | . 14 14 Energy Gun 18 | . 18 16 Ballistic Gun 1 | . 1 . Launcher 8 | . 7 11 Naked Turns . | . . . Heaviest Build 92 | 12 92 92 Greatest Support 40 | 40 40 40 Greatest Overweight (x) 2 | . 2 2 Average Overweight (x) 1 | . 1 2 Largest Inventory Capacity 25 | 8 25 25 Average Capacity 23 | 8 23 25 Most Carried 23 | 6 23 23 Average Carried 17 | 2 17 21 Final Capacity 25 | 8 25 25 Final Carried 23 | 3 23 21 Class Distribution -------------------- 100% | Mutant Dominant Class ---------------- Mutant | -10/Materials Mutant | -10/Mines Resources | -11 -10 -10 ----------- Run | Yrd Mat Min Matter Collected 981 | 242 393 346 Remotely 76 | . . 76 Salvage Created 861 | 71 551 239 Parts 71 | 5 55 11 Haulers Intercepted 2 | . 2 . Recyclers Shooed 3 | 1 . 2 Parts Field Recycled . | . . . Retrieved Matter . | . . . Parts Self-Destructed . | . . . Prevented . | . . . Kills | -11 -10 -10 ------- Run | Yrd Mat Min Combat Hostiles Destroyed 32 | . 13 19 Guns 7 | . 3 4 AOE 25 | . 10 15 Classes Destroyed 9 | 2 6 1 Worker 4 | . 2 2 Tunneler 1 | 1 . . Hauler 2 | . 2 . Recycler 4 | 1 1 2 Operator 1 | . 1 . Watcher 3 | . 3 . Swarmer 9 | . 6 3 Grunt 8 | . 7 1 Assembled 15 | . . 15 Best Kill Streak 12 | 2 4 12 Combat Bots Only 11 | . 3 11 Max Kills in Single Turn 4 | 1 4 3 Gunslinging . | . . . Exploded 3 | . 3 2 Melee . | . . . Uniques/NPCs Destroyed . | . . . Combat | -11 -10 -10 -------- Run | Yrd Mat Min Hostile Shots Fired 77 | . 15 62 Missed 31 | . 6 25 Damage Taken 872 | . 175 697 Core 250 | . 66 184 Absorbed by Shields . | . . . Core Remaining (%) 100 | 100 . . Volleys Fired 74 | 3 30 41 Largest 2 | 2 2 2 Hottest 112 | 40 112 112 Shots Fired 105 | 6 36 63 Gun 68 | 6 26 36 Cannon . | . . . Launcher 37 | . 10 27 Special . | . . . Kinetic 7 | 6 1 . Thermal 61 | . 25 36 Explosive 37 | . 10 27 Electromagnetic . | . . . Robot Hit Streak 10 | 5 10 4 Robot Miss Streak 5 | . 2 5 Penetration Max . | . . . Secondary Targets . | . . . Shots Hit Robots 49 | 5 20 24 Core Hits 67 | 3 25 39 Critical Kills . | . . . Critical Parts Destroyed . | . . . Critical Strikes 3 | . 1 2 Burn 3 | . 1 2 Melee Attacks . | . . . Impact . | . . . Slashing . | . . . Piercing . | . . . Sneak Attacks . | . . . Combat Hostiles . | . . . Follow-up Attacks . | . . . Damage Inflicted 2377 | 56 905 1416 Guns 582 | 56 270 256 Cannons . | . . . Explosions 1791 | . 631 1160 Melee . | . . . Ramming 4 | . 4 . Kinetic 71 | 56 15 . Thermal 511 | . 255 256 Explosive 1791 | . 631 1160 Electromagnetic . | . . . Impact . | . . . Slashing . | . . . Piercing . | . . . Highest Corruption 5 | . . 5 Average Corruption 5 | . . 5 Corruption Purged . | . . . Corruption Blocked . | . . . Effects 9 | . . 9 Message Errors 3 | . . 3 Matter Fused 1 | . . 1 Heat Flow Errors 2 | . . 2 Energy Discharges 1 | . . 1 Misfires 2 | . . 2 Overload Shots . | . . . Overflow Damage 44 | . . 44 Projectiles . | . . . Explosions 44 | . . 44 Melee . | . . . Knockbacks . | . . . Impact . | . . . Kinetic . | . . . Secondary . | . . . Self-Inflicted Damage 193 | . 31 162 Shots 8 | . 1 7 Rammed 1 | . 1 . Targets Rammed 1 | . 1 . Kicked . | . . . Crushed . | . . . Highest Temperature 323 | . 102 323 Average Temperature 84 | . 30 111 Received Heat Transfer 199 | . 36 163 Effects 2 | . . 2 Energy Bleed 1 | . . 1 Interference 1 | . . 1 Siege Activations . | . . . Robots Corrupted . | . . . Combat Hostiles . | . . . Parts Fried . | . . . Impact Corruptions . | . . . Robots Melted . | . . . Combat Hostiles . | . . . Parts Melted . | . . . Heat Transferred 1332 | . 629 703 Parts Sabotaged . | . . . Parts Stolen . | . . . Parts Stripped . | . . . Power Chain Reactions . | . . . Alert | -11 -10 -10 ------- Run | Yrd Mat Min Peak Influence 231 | 10 231 120 Initial 40 | . 6 40 Average 73 | 7 72 85 Maximum Alert Level 1 | . 1 . Low Security (%) 98 | 100 98 100 Level 1 1 | . 1 . Level 2 . | . . . Level 3 . | . . . Level 4 . | . . . Level 5 . | . . . High Security . | . . . Max Security . | . . . Squads Dispatched 3 | . 3 . Investigation 1 | . 1 . Extermination . | . . . Reinforcement 2 | . 2 . Assault . | . . . Garrison . | . . . Intercept . | . . . Searches Triggered . | . . . Construction Impeded . | . . . Haulers Reinforced . | . . . Active Scanning Responses . | . . . Cargo Convoy Interrupts . | . . . Stealth | -11 -10 -10 --------- Run | Yrd Mat Min Distress Signals 1 | . 1 . Communications Jammed . | . . . Distress Signals . | . . . Times Spotted 43 | . 20 23 Peak Tracking Total 6 | . 3 6 Tactical Retreats 2 | . . 2 Traps | -11 -10 -10 ------- Run | Yrd Mat Min Traps Triggered . | . . . Indirectly . | . . . Trap Hack Attempts . | . . . Triggered . | . . . Disarmed . | . . . Reprogrammed . | . . . Reused . | . . . Traps Extracted . | . . . Installed . | . . . Triggered . | . . . Machines | -11 -10 -10 ---------- Run | Yrd Mat Min Machines Disabled 3 | . 2 1 Max in Single Turn 1 | . 1 1 Machines Repaired . | . . . Machines Dismantled . | . . . Machines Sabotaged . | . . . Overloaded Fab Kills . | . . . Hacking | -11 -10 -10 --------- Run | Yrd Mat Min Machines Accessed 9 | . 9 . Terminals 7 | . 7 . Fabricators . | . . . Repair Stations 1 | . 1 . Recycling Units 1 | . 1 . Scanalyzers . | . . . Garrison Access . | . . . Total Hacks 21 | . 21 . Successful 10 | . 10 . Failed 11 | . 11 . Catastrophic 3 | . 3 . Database Lockouts . | . . . Manual 8 | . 8 . Terminals 17 | . 17 . Fabricators . | . . . Repair Stations 2 | . 2 . Recycling Units 2 | . 2 . Scanalyzers . | . . . Garrison Access . | . . . Terminal Hacks 6 | . 6 . Prototype ID Bank 3 | . 3 . Terminal Index 1 | . 1 . Locate Traps 1 | . 1 . Hauler Manifests 1 | . 1 . Fabricator Hacks . | . . . Repair Station Hacks 1 | . 1 . Scan Component 1 | . 1 . Recycling Unit Hacks . | . . . Scanalyzer . | . . . Garrison Access Hacks . | . . . Unauthorized Hacks 3 | . 3 . Terminals 2 | . 2 . Botnet 1 | . 1 . Operators 1 | . 1 . Fabricators . | . . . Repair Stations . | . . . Recycling Units 1 | . 1 . Tunnel 1 | . 1 . Scanalyzers . | . . . Garrison Access . | . . . Data Cores Recovered . | . . . Used . | . . . Hacking Detections 6 | . 6 . Full Trace Events . | . . . Feedback Events . | . . . Feedback Blocked . | . . . Robot Schematics Acquired . | . . . Robots Built . | . . . Authchips . | . . . Time . | . . . Total Robot Build Rating . | . . . Part Schematics Acquired . | . . . Parts Built . | . . . Authchips . | . . . Time . | . . . Total Part Build Rating . | . . . Parts Repaired . | . . . Time . | . . . Parts Recycled . | . . . Recycled Matter . | . . . Retrieved Matter . | . . . Retrieved Components . | . . . Parts Scanalyzed . | . . . Part Schematics Acquired . | . . . Parts Damaged . | . . . Bothacking | -11 -10 -10 ------------ Run | Yrd Mat Min Used RIF Installer . | . . . Robots Hacked . | . . . Non-combat . | . . . Combat . | . . . Robot Hacks Applied . | . . . Relay Couplers Released . | . . . Fabnet Peak Effective % . | . . . Robots Rewired . | . . . Allies Hacked . | . . . Hacks Repelled . | . . . Allies | -11 -10 -10 -------- Run | Yrd Mat Min Total Allies . | . . . Largest Group . | . . . Highest-Rated Group . | . . . Highest-Rated Ally . | . . . Total Orders . | . . . Ally Attacks . | . . . Total Damage . | . . . Kills . | . . . Allies Corrupted . | . . . Allies Melted . | . . . Intel | -11 -10 -10 ------- Run | Yrd Mat Min Robot Analysis Total . | . . . Derelict Logs Recovered . | . . . Drone Launches . | . . . Drone Recoveries . | . . . Exploration | -11 -10 -10 ------------- Run | Yrd Mat Min Turns Passed 3485 | 33 2984 468 Spaces Moved 1056 | 12 941 103 Core . | . . . Treads 1056 | 12 941 103 Legs . | . . . Wheels . | . . . Hover . | . . . Flight . | . . . Fastest Speed 160 | 160 160 320 Average Speed 298 | 160 298 320 Slowest Speed 320 | 160 320 320 Overloaded Moves . | . . . Propulsion Burnouts . | . . . Robots Hopped . | . . . Cave-ins Triggered . | . . . Exploration Rate (%) 42 | 3 97 27 Regions Visited 2 Branch Regions 1 Pre-discovered Areas 1 | . 1 . Known Exits Taken . | . . . Unknown Exits Taken 2 | 1 1 . Scrap Searched . | . . . Spaces Dug 25 | . . 25 Terrain Destroyed 210 | . 61 149 Melee . | . . . Projectile . | . . . AOE 210 | . 61 149 Terrain Rammed . | . . . Walls Destroyed . | . . . Machines Disabled . | . . . Actions | -11 -10 -10 --------- Run | Yrd Mat Min Total 1277 | 22 1081 174 Wait 76 | . 63 13 Move 1054 | 11 940 103 Hop . | . . . Pick Up 24 | 1 22 1 Fast Attach 2 | 1 1 . Attach 7 | 2 2 3 Detach 2 | . 2 . Swap 25 | . 12 13 Drop 12 | 4 8 . Fire 74 | 3 30 41 Melee . | . . . Ram . | . . . Kick . | . . . Crush 1 | . 1 . Escape Stasis . | . . . Rewire . | . . . Trap . | . . . Miscellaneous . | . . . Route ------- -11/Scrapyard -10/Materials (discovered 5 exits: [*Mat x3] / [*Min x2]) -10/Mines (discovered 1 exit: [*Mat]) History --------- Turn | Location | Event 14 | -11/Scrapyard | Discovered new exit (range 3) 34 | -11/Scrapyard | Entered Materials 308 | -10/Materials | Build established: Mutant 521 | -10/Materials | Discovered new exit (range 15) 861 | -10/Materials | Discovered new exit (range 6) 881 | -10/Materials | Discovered new exit (range 16) 1336 | -10/Materials | Discovered new exit (range 10) 2371 | -10/Materials | Discovered new exit (range 13) 3018 | -10/Materials | Entered Mines 3070 | -10/Mines | Found a hidden stash of uninstalled traps 3083 | -10/Mines | Assembled infested the area 3157 | -10/Mines | Core integrity fell below 50% 3231 | -10/Mines | Destroyed 11 combat bots 3253 | -10/Mines | Core integrity fell below 20% 3423 | -10/Mines | Discovered new exit (range 5) 3486 | -10/Mines | Destroyed by D-53 Grenadier with Mini Grenade Launcher Last Messages --------------- 03442_ R-06 Scavenger destroyed. 03445_ System corrupted: Matter fused (-8). 03446_ U-05 Engineer lays Concrete. 03448_ U-05 Engineer builds a Wall. 03452_ The unstable cave ceiling collapses. 03453_ U-05 Engineer builds a Wall. 03457_ Acquired Lgt. Ion Engine. 03459_ U-05 Engineer builds a Wall. 03460_ K-01 Serf collects debris. 03463_ U-05 Engineer lays Concrete. 03463_ K-01 Serf destroyed. 03463_ K-01 Serf collects debris. 03463_ R-06 Scavenger collects Com. Wheel. 03464_ U-05 Engineer builds a Wall. 03466_ K-01 Serf collects debris. 03468_ R-06 Scavenger collects Com. Wheel. 03469_ K-01 Serf collects debris. 03469_ Acquired 92 matter. 03469_ U-05 Engineer lays Concrete. 03470_ U-05 Engineer builds a Wall. Map ----- +----------------------------------------------------+ | ?????????????????????????????????????????????????? | | ##???????????????????????????????????????????????? | | ##??????????????????????????????????????????????? | | #??????????????????????????????????????????????? | | #??????????????????????????????????????????????? | | #??????????????????????????????????????????????? | | ######?????????????????????????????????????????? | | #?????????????????????????????????????????? | | #???????????????#?????????????????????????? | | ## ################ #????????????????????????? | | ## #?????????????????????????? | | # # ############### #?????????????????????????? | | ## ###???????????# #?????????????????????????? | | ?## ##????#?????#r#?????????????????????????? | | ## # ### ##????# ##????????????????????????? | | # #???## ##???????????????????????? | | ### #???# ##??????????????????????? | | ?## ! ! # #???# #?????######???????????? | | ## ## ##???# #????## # ###??###????? | | # #####????## ##???# # ?????? | | # # #?????????## ##??# %< #??????? | | # #??????????# #??# #??????? | | #### #??????????# #### #??????? | | ??? # ?????????## ##### #??????? | | ??? # #?????????# ## " = #???????? | | ?? # ## #?????????# @## ## % ????? | | ?? # # #????????## d [### " ######?????? | | ? # ###???????## ####?# #??????????? | | ? # # ## #?????????# #???########??????????? | | # #????????# #????????????????? | | ## ##??????# #???????????????? | | ### ##????? #???????????????? | | ?? ###?????## ##???????????????? | | ???## ?????????##### #????????????????? | | ????# ?????????????####### #????????????????? | | ????# ?????????????????????# ##????????????????? | | ????# ??????????????????????####?????????????????? | | ????? ???????????????????????????????????????????? | | ?????????????????????????????????????????????????? | | ?????????????????????????????????????????????????? | | ?????????????????????????????????????????????????? | | ?????????????????????????????????????????????????? | | ?????????????????????????????????????????????????? | | ?????????????????????????????????????????????????? | | ?????????????????????????????????????????????????? | | ?????????????????????????????????????????????????? | | ?????????????????????????????????????????????????? | | ?????????????????????????????????????????????????? | | ?????????????????????????????????????????????????? | | ?????????????????????????????????????????????????? | +----------------------------------------------------+ Best States ------------- Heat Dissipation 25 Coolant Potential 50 Energy Generation 10 Energy Capacity 250 Matter Stores 300 Matter Capacity 300 Sight Range 16 Terrain Scan Density 10 Evasion (%) 40 Recoil Reduction 2 Item Schematics ----------------- None Robot Schematics ------------------ None Fabricated ------------ Nothing Alien Tech Used ----------------- None Achievements -------------- None Challenges ------------ None Game ------ Seed StasisArmorTearclaws Manual? 0 Play Time 00:21:50 Cumulative 32.8 hours Start 2024.04.15 @ 20:20:26 End 2024.04.15 @ 20:43:06 Sessions 1 Manual Loads 0 Difficulty Rogue Special Mode None Game No. 21 Rogue 21 Adventurer 0 Explorer 0 Win Type - Total 0 Types 0/0/0/0/0/0/0/0/0 Lore% 22 Gallery% 24 Achievement% 22 Wizard Run 0 Options --------- Layout 0 ASCII 0 Keyboard 0 Movement Numpad Keybinds 1 Fullscreen 1 Font 18/SmallcapsGlow Map View 76x50 Zoom Use 0% Tactical HUD 1 Map Filters NONE Filters NONE Steam 1 RUN: 28e30c1f-e751-402d-89a2-03e2498a518e